 Dungeon Crawl Stone Soup version 0.24.0-123-gd5b16e6ec5 (webtiles) character file.

Game seed: 1052024842324905999, levelgen mode: deterministic

6101 FishyPogo the Magician (level 10, -3/79 HPs)
             Began as a Gnoll Skald on Dec 27, 2019.
             Was an Elder of Okawaru.
             Killed from afar by a steam dragon (12 damage)
             ... with a ball of steam
             ... on level 10 of the Dungeon.
             The game lasted 00:39:37 (8112 turns).

FishyPogo the Magician (Gnoll Skald)                Turns: 8112, Time: 00:39:38

Health: -3/79      AC:  8    Str: 16    XL:     10   Next: 88%
Magic:  21/21      EV: 17    Int: 16    God:    Okawaru [****..]
Gold:   444        SH:  4    Dex: 17    Spells: 8/24 levels left

rFire    . . .     SeeInvis .   G - +4 falchion
rCold    . . .     Gourm    .   (no shield)
rNeg     . . .     Faith    .   h - +2 leather armour {MR+}
rPois    .         Spirit   .   (no helmet)
rElec    .         Reflect  .   M - +1 cloak {MR+}
rCorr    .         Harm     .   (no gloves)
MR       ++...                  (no boots)
Stlth    +++.......             (no amulet)
HPRegen  0.23/turn              H - +2 ring of dexterity
MPRegen  0.17/turn              (no ring)

@: no status effects
A: distributed training, fangs 1, large bone plates 1, mutation resistance 1,
strong nose
a: Heroism, Renounce Religion


You were on level 10 of the Dungeon.
You worshipped Okawaru.
Okawaru was greatly pleased with you.
You were not hungry.

You visited 2 branches of the dungeon, and saw 11 of its levels.

You collected 444 gold pieces.

Inventory:

Hand Weapons
 a - a +4 quarterstaff of chaos
 b - a +1 mace of draining
 G - a +4 falchion (weapon)
Missiles
 c - 10 poisoned darts (quivered)
 p - 105 stones
 r - 79 bolts
 u - 9 boomerangs
 y - 61 sling bullets
 D - 4 throwing nets
 I - 2 curare-tipped darts
Armour
 h - a +2 leather armour of magic resistance (worn)
 C - a scarf of resistance
 M - a +1 cloak of magic resistance (worn)
Magical Staves
 o - an uncursed staff of energy
 K - an uncursed staff of fire
Jewellery
 H - a +2 ring of dexterity (left hand)
Wands
 k - a wand of clouds (5)
 z - a wand of paralysis (4)
 F - a wand of acid (7)
 Q - a wand of enslavement (5)
Scrolls
 j - 3 scrolls of fear {unknown}
 m - 4 scrolls of identify
 n - 3 scrolls of remove curse
 x - 4 scrolls of teleportation
Potions
 g - 4 potions of curing
 i - 2 potions of magic {unknown}
 l - 4 potions of might {unknown}
 s - 3 potions of flight
 A - a potion of haste
 B - a potion of heal wounds
 E - a potion of brilliance {unknown}
 L - a potion of resistance {unknown}
 P - a potion of agility {unknown}
Comestibles
 d - 15 rations


   Skills:
 + Level 7.3 Fighting
 + Level 5.6 Short Blades
 + Level 7.3 Long Blades
 + Level 5.6 Axes
 + Level 5.6 Maces & Flails
 + Level 5.6 Polearms
 + Level 5.6 Staves
 + Level 5.6 Slings
 + Level 5.6 Bows
 + Level 5.6 Crossbows
 + Level 5.6 Throwing
 + Level 6.2 Armour
 + Level 7.3 Dodging
 + Level 5.6 Stealth
 + Level 5.6 Shields
 + Level 5.6 Unarmed Combat
 + Level 7.6 Spellcasting
 + Level 4.6 Conjurations
 + Level 4.6 Hexes
 + Level 7.2 Charms
 + Level 4.6 Summonings
 + Level 4.6 Necromancy
 + Level 4.6 Translocations
 + Level 4.6 Transmutations
 + Level 4.6 Fire Magic
 + Level 4.6 Ice Magic
 + Level 4.6 Air Magic
 + Level 4.6 Earth Magic
 + Level 4.6 Poison Magic
 + Level 6.1 Invocations
 + Level 5.6 Evocations


You had 8 spell levels left.
You knew the following spells:

 Your Spells              Type           Power        Failure   Level  Hunger
a - Corona                Hex            ###....      1%          1    None
b - Magic Dart            Conj           ###.         1%          1    None
c - Mephitic Cloud        Conj/Pois/Air  ###.....     6%          3    ##.....
h - Regeneration          Chrm/Necr      ####......   3%          3    ##.....
n - Spectral Weapon       Hex/Chrm       ####....     3%          3    ##.....
p - Shroud of Golubria    Chrm/Tloc      ####..       1%          2    None
u - Song of Slaying       Chrm           ####....     1%          2    None
y - Infusion              Chrm           ####         1%          1    None

Your spell library contained the following spells:

 Spells                   Type           Power        Failure   Level  Hunger
 Blink                    Tloc           N/A          3%          2    None
 Call Imp                 Summ           ###.....     3%          2    None
 Ensorcelled Hibernation  Hex/Ice        ###...       3%          2    None
 Slow                     Hex            ###.....     3%          2    None
 Confuse                  Hex            ###.....     6%          3    ##.....
 Conjure Flame            Conj/Fire      ###.....     6%          3    ##.....
 Dazzling Spray           Conj/Hex       ###...       6%          3    ##.....
 Tukima's Dance           Hex            ###.....     6%          3    ##.....


Dungeon Overview and Level Annotations

Branches:
Dungeon (10/15)            Temple (1/1) D:6            Lair (0/6) D:8
    Orc: D:9-12

Altars:
Ashenzari
Cheibriados
Dithmenos
Elyvilon
Fedhas
Gozag
Hepliaklqana
Kikubaaqudgha
Makhleb
Nemelex Xobeh
Okawaru
Qazlal
Ru
Sif Muna
Trog
Uskayaw
Vehumet
Wu Jian
Xom
Yredelemnul
Zin
The Shining One

Annotations:
D:8 3 exclusions


Innate Abilities, Weirdness & Mutations

Your experience applies equally to all skills.
You have very sharp teeth.
Your uncanny sense of smell can sniff out nearby items.
You are partially covered in large bone plates. (SH +4)
You are somewhat resistant to further mutation.


Message History

Your bite misses the komodo dragon.
The komodo dragon is moderately wounded.
You hit the komodo dragon.
The komodo dragon is moderately wounded.
The komodo dragon bites you.
You hit the komodo dragon but do no damage.
The komodo dragon is moderately wounded.
The steam dragon breathes steam at you. The ball of steam hits you!!
The komodo dragon bites you!!
* * * LOW HITPOINT WARNING * * *
Unknown command.
You feel much better.
You are engulfed in a cloud of scalding steam.
The komodo dragon bites you!!
* * * LOW HITPOINT WARNING * * *
The komodo dragon is engulfed in a cloud of scalding steam.
The komodo dragon is engulfed in a cloud of scalding steam.
The steam dragon breathes steam at you. The ball of steam hits you!
You die...

*,,,,.................# #..# #..
*,,...................# #..###..
*,,...................####.......
*,,,..............D..............
*,***#..###.......§..............
*,####..###......§....####.....).
*,...............§....# #..###..
*,..............§.l...# #..# #..
*,..............@.....####..###[.
**#####..........................
#..##########.....<........ #..*
#...(.......... #..*
#...####....... #..* #...#
#...###. #..* #...# #...# #.
#..##########...***#...# #.
****###....$..........,,,....#*#.


You could see a komodo dragon.

Vanquished Creatures
  Erolcha (D:9)
  2 two-headed ogres
  A troll (D:8)
  A hippogriff (D:6)
  2 orc warriors
  3 ice beasts
  A phantom (D:4)
  A sky beast (D:6)
  A black bear (D:9)
  3 wolves (D:8)
  2 necrophages
  3 ogres
  2 centaurs
  A big kobold (D:8)
  3 bullfrogs
  2 scorpions
  6 killer bees (D:8)
  4 wights (D:8)
  2 howler monkeys (D:6)
  A crimson imp (D:8)
  A centaur zombie (D:7)
  A quasit (D:9)
  6 orc priests
  7 orc wizards
  Crazy Yiuf (D:7)
  A gnoll shaman (D:10)
  6 hounds
  2 jellies (D:10)
  2 bullfrog skeletons
  A centaur skeleton (D:9)
  An iguana (D:10)
  3 worker ants
  A mummy (D:5)
  10 adders
  13 gnolls
  2 howler monkey skeletons
  A shadow imp (D:3)
  2 oozes (D:4)
  3 adder skeletons
  3 worms
  A dart slug (D:3)
  3 leopard geckos
  29 orcs
  3 ball pythons
  6 giant cockroaches
  4 goblins
  6 hobgoblins
  17 jackals
  11 kobolds
  2 quokkas
  5 bats
  5 frilled lizards
  4 orc zombies (D:5)
  6 rats
  A fungus (D:7)
212 creatures vanquished.

Vanquished Creatures (others)
  An orc (D:8)
  3 spectral weapons
4 creatures vanquished.

Grand Total: 216 creatures vanquished

Notes
Turn   | Place    | Note
-------+----------+-------------------------------------------
     0 | D:1      | FishyPogo the Gnoll Skald began the quest for the Orb.
     0 | D:1      | Reached XP level 1. HP: 20/20 MP: 6/6
    53 | D:1      | Reached XP level 2. HP: 22/26 MP: 0/7
   690 | D:1      | Reached XP level 3. HP: 28/31 MP: 9/9
  1007 | D:2      | Reached skill level 5 in Spellcasting
  1071 | D:2      | Learned a level 2 spell: Song of Slaying
  1074 | D:2      | Learned a level 2 spell: Shroud of Golubria
  1076 | D:2      | Learned a level 1 spell: Corona
  1080 | D:2      | Learned a level 3 spell: Regeneration
  1084 | D:2      | Learned a level 3 spell: Spectral Weapon
  1167 | D:2      | Reached skill level 1 in Invocations
  1555 | D:2      | Reached skill level 1 in Short Blades
  1555 | D:2      | Reached skill level 1 in Axes
  1555 | D:2      | Reached skill level 1 in Maces & Flails
  1555 | D:2      | Reached skill level 1 in Polearms
  1555 | D:2      | Reached skill level 1 in Staves
  1555 | D:2      | Reached skill level 1 in Slings
  1555 | D:2      | Reached skill level 1 in Bows
  1555 | D:2      | Reached skill level 1 in Crossbows
  1555 | D:2      | Reached skill level 1 in Throwing
  1555 | D:2      | Reached skill level 1 in Stealth
  1555 | D:2      | Reached skill level 1 in Shields
  1555 | D:2      | Reached skill level 1 in Unarmed Combat
  1555 | D:2      | Reached skill level 1 in Evocations
  1677 | D:3      | Reached XP level 4. HP: 24/38 MP: 11/11
  1933 | D:3      | Reached skill level 1 in Conjurations
  1933 | D:3      | Reached skill level 1 in Hexes
  1933 | D:3      | Reached skill level 1 in Summonings
  1933 | D:3      | Reached skill level 1 in Necromancy
  1933 | D:3      | Reached skill level 1 in Translocations
  1933 | D:3      | Reached skill level 1 in Transmutations
  1933 | D:3      | Reached skill level 1 in Fire Magic
  1933 | D:3      | Reached skill level 1 in Ice Magic
  1933 | D:3      | Reached skill level 1 in Air Magic
  1933 | D:3      | Reached skill level 1 in Earth Magic
  1933 | D:3      | Reached skill level 1 in Poison Magic
  2158 | D:3      | Reached XP level 5. HP: 16/43 MP: 1/12
  2524 | D:4      | Noticed an ogre
  2767 | D:4      | Noticed a phantom
  2785 | D:4      | Killed a phantom
  2785 | D:4      | Reached XP level 6. HP: 40/50 MP: 5/14
  2808 | D:4      | Learned a level 3 spell: Mephitic Cloud
  2827 | D:4      | Reached skill level 5 in Fighting
  2827 | D:4      | Reached skill level 5 in Long Blades
  2827 | D:4      | Reached skill level 5 in Dodging
  3085 | D:4      | Reached XP level 7. HP: 55/56 MP: 9/15
  3165 | D:5      | Entered Level 5 of the Dungeon
  3262 | D:5      | Found a snail-covered altar of Cheibriados.
  3326 | D:5      | Found a shadowy altar of Dithmenos.
  3858 | D:5      | Found a basalt altar of Yredelemnul.
  3858 | D:5      | Found a glowing golden altar of the Shining One.
  3908 | D:6      | Reached XP level 8. HP: 43/63 MP: 7/16
  4013 | D:6      | Found a staircase to the Ecumenical Temple.
  4024 | Temple   | Entered the Ecumenical Temple
  4269 | Temple   | Became a worshipper of Warmaster Okawaru
  4294 | D:6      | Noticed a hippogriff
  4311 | D:6      | Killed a hippogriff
  4572 | D:6      | Found an opulent altar of Gozag.
  4958 | D:7      | Reached * piety under Okawaru
  4993 | D:7      | Found a sacrificial altar of Ru.
  4993 | D:7      | Found a hide-covered altar of Uskayaw.
  5032 | D:7      | Reached XP level 9. HP: 63/69 MP: 12/18
  5284 | D:7      | Found a runed translucent door.
  5285 | D:7      | Noticed Crazy Yiuf
  5295 | D:7      | Killed Crazy Yiuf
  5426 | D:8      | Noticed a troll
  5440 | D:8      | Noticed a two-headed ogre
  5441 | D:8      | Killed a troll
  5448 | D:8      | Reached ** piety under Okawaru
  5455 | D:8      | Killed a two-headed ogre
  5455 | D:8      | Reached skill level 5 in Armour
  5455 | D:8      | Reached skill level 5 in Invocations
  5502 | D:8      | Gained mutation: You are frail. (-10% HP) [potion of
                  | mutation]
  5502 | D:8      | Gained mutation: You are somewhat resistant to further
                  | mutation. [potion of mutation]
  5503 | D:8      | Lost mutation: You are frail. (-10% HP) [potion of
                  | mutation]
  5503 | D:8      | Gained mutation: You are partially covered in large bone
                  | plates. (SH +4) [potion of mutation]
  5504 | D:8      | Reached XP level 10. HP: 14/77 MP: 2/20
  5524 | D:8      | Reached *** piety under Okawaru
  5880 | D:8      | Found a staircase to the Lair.
  6108 | D:8      | Reached skill level 5 in Short Blades
  6108 | D:8      | Reached skill level 5 in Axes
  6108 | D:8      | Reached skill level 5 in Maces & Flails
  6108 | D:8      | Reached skill level 5 in Polearms
  6108 | D:8      | Reached skill level 5 in Staves
  6108 | D:8      | Reached skill level 5 in Slings
  6108 | D:8      | Reached skill level 5 in Bows
  6108 | D:8      | Reached skill level 5 in Crossbows
  6108 | D:8      | Reached skill level 5 in Throwing
  6108 | D:8      | Reached skill level 5 in Stealth
  6108 | D:8      | Reached skill level 5 in Shields
  6108 | D:8      | Reached skill level 5 in Unarmed Combat
  6108 | D:8      | Reached skill level 5 in Evocations
  6310 | D:9      | Noticed Erolcha
  6316 | D:9      | Killed Erolcha
  6360 | D:9      | Found a bloodstained altar of Trog.
  6583 | D:9      | Learned a level 1 spell: Magic Dart
  7342 | D:9      | Found a white marble altar of Elyvilon.
  7343 | D:9      | Noticed a two-headed ogre
  7352 | D:9      | Killed a two-headed ogre
  7352 | D:9      | Reached **** piety under Okawaru
  7381 | D:10     | Entered Level 10 of the Dungeon
  8112 | D:10     | Killed from afar by a steam dragon

Levels and vault maps discovered:
D:1:      lemuel_arrival_funnel, layout_loops_ring, minmay_unequal
D:2:      layout_loops_ring, minmay_pentomino_w4
D:3:      layout_rooms
D:4:      layout_gridville, first_ration
D:5:      layout_rooms, old_standard_altar, nicolae_overflow_hidden_temple,
          minmay_mini_ossuary
D:6:      layout_cave_pools, kennysheep_little_box, minmay_temple_entry_tees
D:7:      layout_rooms, chequers_temple_overflow_statue_of_worship,
          uniq_crazy_yiuf_cottage
D:8:      layout_basic, erik_lair_island
D:9:      layout_layer_cave, old_standard_altar, bloody_trog, uniq_erolcha
D:10:     layout_small_grid
Temple:   minmay_temple_curvy_branch

Skill      XL: |  1  2  3  4  5  6  7  8  9 10 |
---------------+-------------------------------+-----
Spellcasting   | 5 6 7 |  7.6
Invocations    | 1 2 3 4 5 6 |  6.1
Short Blades   | 1 2 3 4 5 |  5.6
Axes           | 1 2 3 4 5 |  5.6
Maces & Flails | 1 2 3 4 5 |  5.6
Polearms       | 1 2 3 4 5 |  5.6
Staves         | 1 2 3 4 5 |  5.6
Slings         | 1 2 3 4 5 |  5.6
Bows           | 1 2 3 4 5 |  5.6
Crossbows      | 1 2 3 4 5 |  5.6
Throwing       | 1 2 3 4 5 |  5.6
Stealth        | 1 2 3 4 5 |  5.6
Shields        | 1 2 3 4 5 |  5.6
Unarmed Combat | 1 2 3 4 5 |  5.6
Evocations     | 1 2 3 4 5 |  5.6
Conjurations   | 1 2 3 4 |  4.6
Hexes          | 1 2 3 4 |  4.6
Summonings     | 1 2 3 4 |  4.6
Necromancy     | 1 2 3 4 |  4.6
Translocations | 1 2 3 4 |  4.6
Transmutations | 1 2 3 4 |  4.6
Fire Magic     | 1 2 3 4 |  4.6
Ice Magic      | 1 2 3 4 |  4.6
Air Magic      | 1 2 3 4 |  4.6
Earth Magic    | 1 2 3 4 |  4.6
Poison Magic   | 1 2 3 4 |  4.6
Armour         | 3 4 5 6 |  6.2
Fighting       | 5 6 7 |  7.3
Long Blades    | 5 6 7 |  7.3
Dodging        | 5 6 7 |  7.3
Charms         | 6 7 |  7.2

Action                   |  1- 3 |  4- 6 |  7- 9 | 10-12 || total
-------------------------+-------+-------+-------+-------++-------
Melee: Falchion          |   108 |   165 |   167 |    52 ||   492
       Bite              |     8 |    19 |    32 |    25 ||    84
       Punch             |       |       |     3 |     1 ||     4
       Quarterstaff      |       |       |    53 |   110 ||   163
       Unarmed           |       |       |       |     3 ||     3
Throw: Dart              |     3 |     8 |     4 |     2 ||    17
 Cast: Infusion          |     2 |       |     7 |     1 ||    10
       Shroud of Golubri |     6 |    18 |    16 |     8 ||    48
       Spectral Weapon   |     2 |     8 |    16 |     5 ||    31
       Regeneration      |       |     5 |     9 |     2 ||    16
       Song of Slaying   |       |     3 |     8 |     1 ||    12
       Corona            |       |       |     1 |     2 ||     3
  Use: Potion            |       |     1 |     2 |     4 ||     7
       Scroll            |       |       |     4 |     9 ||    13
 Stab: Sleeping          |     3 |       |     1 |     3 ||     7
       Paralysed         |       |       |       |     6 ||     6
       Distracted        |       |       |       |     1 ||     1
       Confused          |       |       |       |     1 ||     1
  Eat: Chunk             |     3 |     6 |    10 |     9 ||    28
Armor: Leather armour    |    12 |    30 |    47 |    29 ||   118
Dodge: Dodged            |    75 |   146 |   127 |   124 ||   472
Block: Other             |       |       |       |    23 ||    23
       Rpst.: Falchion   |    21 |    40 |    33 |    19 ||   113
